 Dungeon Crawl Stone Soup version 0.21.1-1-g345015f (webtiles) character file.

5360 shakethe the Thaumaturge (level 10, -8/56 HPs)
             Began as a Deep Elf Fire Elementalist on Feb 8, 2018.
             Was a Follower of Vehumet.
             Mangled by a wraith (13 damage)
             ... on level 9 of the Dungeon.
             The game lasted 00:59:15 (9994 turns).

shakethe the Thaumaturge (DEFE)                     Turns: 9994, Time: 00:59:16

Health: -8/56      AC: 10    Str:  5    XL:     10   Next: 39%
Magic:  18/26      EV: 17    Int: 26    God:    Vehumet [*.....]
Gold:   332        SH:  0    Dex: 15    Spells: 16/29 levels left

rFire    + + +     SeeInvis .   a - staff of fire {rF+}
rCold    + . .     Gourm    .   (no shield)
rNeg     . . .     Faith    .   I - +2 steam dragon scales
rPois    .         Spirit   .   (no helmet)
rElec    .         Reflect  .   L - scarf {rC+ rF+}
rCorr    .         Harm     +   C - +0 pair of gloves
MR       +....                  j - +0 pair of boots
Stlth    ++........             n - amulet of harm
HPRegen  0.18/turn              H - ring of protection from fire {rF+, !d}
MPRegen  0.20/turn              Q - +2 ring of intelligence

@: slowed, very slow
A: no striking features
a: Renounce Religion


You were on level 9 of the Dungeon.
You worshipped Vehumet.
Vehumet was aware of your devotion.
You were very hungry.

You visited 2 branches of the dungeon, and saw 11 of its levels.

You collected 416 gold pieces.
You spent 84 gold pieces at shops.

Inventory:

Hand Weapons
 P - a +3 dagger of electrocution
   (You took it off an orc wizard on level 8 of the Dungeon)
Missiles
 h - a throwing net {=f, !d}
 m - 6 curare-tipped needles
Armour
 j - a +0 pair of boots (worn)
   (You found it on level 1 of the Dungeon)
 w - a +0 shield
   (You found it on level 3 of the Dungeon)
 C - a +0 pair of gloves (worn)
   (You found it on level 4 of the Dungeon)
 I - +2 steam dragon scales (worn)
   (You found it on level 5 of the Dungeon)
 L - a scarf of resistance (worn)
   (You found it on level 5 of the Dungeon)
 N - a scarf of cloud immunity
   (You found it on level 7 of the Dungeon)
Magical Staves
 a - an uncursed staff of fire (weapon) {rF+}
   (You found it on level 8 of the Dungeon)
Jewellery
 f - an uncursed ring of ice {rC+, rF-}
   (You found it on level 1 of the Dungeon)
 n - an amulet of harm (around neck)
   (You found it on level 3 of the Dungeon)
 p - an uncursed ring of positive energy {rN+}
   (You found it on level 2 of the Dungeon)
 x - an uncursed amulet of faith {Faith, !P}
   (You found it on level 3 of the Dungeon)
 F - an uncursed amulet of the gourmand {Gourm, !d}
   (You found it on level 4 of the Dungeon)
 H - a ring of protection from fire (left hand) {rF+, !d}
   (You found it on level 4 of the Dungeon)
 Q - a +2 ring of intelligence (right hand)
   (You found it on level 8 of the Dungeon)
Wands
 e - a wand of clouds (5)
   (You found it on level 9 of the Dungeon)
 z - a wand of flame (54)
   (You found it on level 4 of the Dungeon)
 A - a wand of acid (16)
   (You found it on level 4 of the Dungeon)
 E - a wand of enslavement (19)
   (You found it on level 9 of the Dungeon)
 J - a wand of iceblast (17)
   (You found it on level 5 of the Dungeon)
Scrolls
 g - 2 scrolls of teleportation
 k - 2 scrolls of enchant weapon
 s - 3 scrolls of remove curse
 t - 3 scrolls of identify
 u - a scroll of amnesia
 y - a scroll of magic mapping {!r}
Potions
 d - a potion of mutation {unknown}
 l - 3 potions of flight
 o - a potion of magic {unknown}
 q - 2 potions of curing
 r - 3 potions of haste {unknown}
 v - 2 potions of invisibility {unknown}
 B - a potion of might
 D - a potion of lignification {unknown}
 G - a potion of cancellation {unknown}
 K - a potion of ambrosia {unknown}
 M - 2 potions of agility {unknown}
 O - a potion of berserk rage {unknown}
Books
 b - a book of Flames
Comestibles
 c - 8 rations


   Skills:
 + Level 4.1 Fighting
 + Level 3.9 Armour
 * Level 8.3 Dodging
 - Level 2.4 Stealth
 * Level 3.8 Shields
 + Level 10.2 Spellcasting
 - Level 4.6 Conjurations
 + Level 8.3 Fire Magic


You had 16 spell levels left.
You knew the following spells:

 Your Spells              Type           Power        Failure   Level  Hunger
a - Flame Tongue          Conj/Fire      #####        1%          1    None
c - Conjure Flame         Conj/Fire      ######..     1%          3    None
f - Fireball              Conj/Fire      ######....   9%          5    ####...
s - Sticky Flame          Conj/Fire      ######..     3%          4    None


Dungeon Overview and Level Annotations

Branches:
Dungeon (10/15)            Temple (1/1) D:7
   Lair: D:8-11         Orc: D:9-12

Altars:
Ashenzari
Cheibriados
Dithmenos
Elyvilon
Fedhas
Gozag
Kikubaaqudgha
Makhleb
Nemelex Xobeh
Okawaru
Qazlal
Sif Muna
Trog
Uskayaw
Vehumet
Wu Jian
Xom
Yredelemnul
Zin
The Shining One

Shops:
D:4 !   D:8 [   D:9 (

Annotations:
D:7 Joseph
D:9 asdu's ghost, novice DsWn
D:10 Fannar


Message History

You now have 332 gold pieces (gained 14).
There is a stone staircase leading down here.
A wraith comes into view.
Aim: a wraith (hasn't noticed you)
You feel a surge of power!
The flame tongue hits the wraith.
You now have 25/26 mp.
Aim: a wraith (lightly damaged)
You feel a surge of power!
The flame tongue hits the wraith.
The wraith moves out of view.
You now have 24/26 mp.
Aim: a wraith (heavily damaged)
You feel a surge of power!
The flame tongue hits the wraith.
The wraith appears unharmed.
You now have 23/26 mp.
You can't see any susceptible monsters within range! (Use Z to cast anyway.)
Aim: a wraith (heavily damaged)
You feel a surge of power!
The flame tongue hits the wraith.
Aim: a wraith (severely damaged)
You feel a surge of power!
The flame tongue misses the wraith.
The wraith misses you.
You now have 22/26 mp.
Aim: a wraith (severely damaged)
You feel a surge of power!
The flame tongue misses the wraith.
The wraith hits you.
You take 2 damage, and have 54/56 hp.
You now have 21/26 mp.
Aim: a wraith (severely damaged)
You feel a surge of power!
The flame tongue hits the wraith.
The wraith hits you but does no damage.
You now have 20/26 mp.
Aim: a wraith (severely damaged)
You feel a surge of power!
The flame tongue hits the wraith.
The wraith misses you.
You now have 19/26 mp.
Aim: a wraith (almost destroyed)
You feel a surge of power!
The flame tongue hits the wraith.
You destroy the wraith!
Vehumet accepts your kill.
Health restored: 56
There is an open door here.
A troll comes into view.
You regained 3 mp, and now have 24/26 mp.
The troll shouts!
Aim: a troll You feel a surge of power!
The flame tongue misses the troll.
A wraith comes into view.
You now have 23/26 mp.
Aim: a troll You feel a surge of power!
The flame tongue hits the troll.
Asdu's ghost turns its malevolent gaze towards you.
Aim: a troll (lightly wounded)
You feel a surge of power!
The flame tongue hits the troll.
You now have 22/26 mp.
You are feeling very hungry.
Aim: a troll (lightly wounded)
You feel a surge of power!
The sticky flame hits the troll.
The troll is covered in liquid flames!
The troll burns!
The troll barely misses you. The troll claws you.
The troll completely misses you.
You take 6 damage, and have 50/56 hp.
You now have 20/26 mp.
The troll burns!
The troll burns!
The troll burns!
The troll burns!
The troll burns!
The troll burns!
The troll burns!
The troll burns!
The troll burns!
The troll burns!
You kill the troll!
Vehumet accepts your kill.
Aim: a wraith You feel a surge of power!
The sticky flame hits the wraith.
The wraith hits you. The wraith drains your vigour!
You feel yourself slow down.
You take 1 damage, and have 52/56 hp.
You now have 19/26 mp.
Aim: a wraith (lightly damaged)
You feel a surge of power!
The sticky flame hits the wraith.
The wraith hits you. Asdu's ghost hits you! The wraith barely misses you.
You take 12 damage, and have 40/56 hp.
MASSIVE DAMAGE!!
You now have 16/26 mp.
Asdu's ghost hits you but does no damage.
The wraith hits you! Asdu's ghost hits you.
You take 17 damage, and have 23/56 hp.
MASSIVE DAMAGE!!
Unknown command.
The wraith hits you!
* * * LOW HITPOINT WARNING * * *
The wraith drains your vigour!
You feel as though you will be slow longer.
You take 9 damage, and have 14/56 hp.
The wraith misses you. Asdu's ghost hits you!
* * * LOW HITPOINT WARNING * * *
Asdu's ghost hits you but does no damage.
You take 10 damage, and have 5/56 hp.
Asdu's ghost says, "I break bones and crack skulls... with my bare hands."
The wraith hits you!
You die...

....#... #...#.....#
....#...##.........#
....#........'.....#
....#.........#....
....#.........##'###
....#..............#
....#...##...##....#
....#...##...##.<..#
....#...##...##.@..#
....#........##WW..#
....#..............#
....#..............#
....#..............#
.(..#........##....#
....#....#...##....#
....#.(>.#...##....#
....#...##.....)...#


You could see a wraith and asdu's ghost.

Vanquished Creatures
  2 two-headed ogres
  Pikel (D:7)
  A troll (D:9)
  Grinder (D:4)
  Sigmund (D:6)
  A wraith (D:9)
  A steam dragon (D:5)
  Menkaure (D:6)
  Edmund (D:6)
  2 orc warriors
  A sky beast (D:8)
  A black bear (D:8)
  6 ogres
  2 necrophages (D:8)
  A gnoll sergeant (D:8)
  A scorpion (D:5)
  A water moccasin skeleton (D:8)
  6 howler monkeys
  2 crimson imps
  A bullfrog zombie (D:7)
  2 centaur zombies
  2 hounds (D:4)
  A bullfrog skeleton (D:8)
  4 orc priests
  8 orc wizards
  An iguana (D:8)
  Natasha (D:4)
  5 worker ants
  A killer bee zombie (D:9)
  A hound zombie (D:5)
  A worker ant zombie (D:6)
  7 gnolls
  16 adders
  2 shadow imps (D:9)
  3 oozes
  2 adder skeletons (D:8)
  A worm (D:2)
  A dart slug (D:1)
  3 leopard geckos
  25 orcs
  10 giant cockroaches
  7 goblins
  13 hobgoblins
  16 jackals
  A quokka (D:8)
  3 ball pythons
  7 bats
  6 frilled lizards
  7 kobolds
  2 quokka skeletons
  2 quokka zombies
  5 rats
200 creatures vanquished.

Vanquished Creatures (others)
  A slave (D:7)
  A howler monkey (D:7)
2 creatures vanquished.

Grand Total: 202 creatures vanquished

Notes
Turn   | Place    | Note
-------+----------+-------------------------------------------
     0 | D:1      | shakethe the Deep Elf Fire Elementalist began the quest for the Orb.
     0 | D:1      | Reached XP level 1. HP: 10/10 MP: 6/6
   190 | D:1      | Reached XP level 2. HP: 15/15 MP: 1/8
   737 | D:1      | Reached skill level 4 in Fire Magic
   823 | D:1      | Reached XP level 3. HP: 17/19 MP: 1/10
  1291 | D:2      | Reached skill level 2 in Conjurations
  1504 | D:2      | Found a stormy altar of Qazlal.
  1584 | D:2      | Reached XP level 4. HP: 24/24 MP: 5/11
  1762 | D:3      | Reached skill level 4 in Spellcasting
  1773 | D:3      | Learned a level 4 spell: Sticky Flame
  1777 | D:3      | Learned a level 3 spell: Conjure Flame
  2158 | D:3      | Found a snail-covered altar of Cheibriados.
  2483 | D:4      | Reached XP level 5. HP: 28/28 MP: 7/13
  2561 | D:4      | Noticed Natasha
  2566 | D:4      | Killed Natasha
  2566 | D:4      | Reached skill level 5 in Spellcasting
  2566 | D:4      | Reached skill level 3 in Conjurations
  2566 | D:4      | Reached skill level 5 in Fire Magic
  2722 | D:4      | Noticed Grinder
  2752 | D:4      | Killed Grinder
  2752 | D:4      | Reached skill level 6 in Spellcasting
  2752 | D:4      | Reached XP level 6. HP: 27/32 MP: 8/17
  2772 | D:4      | Reached skill level 4 in Conjurations
  2772 | D:4      | Reached XP level 7. HP: 25/36 MP: 7/19
  2868 | D:4      | Learned a level 5 spell: Fireball
  2924 | D:4      | Found Yntyira's Distillery.
  2932 | D:4      | Reached skill level 7 in Spellcasting
  2958 | D:4      | Bought a potion of curing for 36 gold pieces
  2958 | D:4      | Bought a potion of might for 48 gold pieces
  3324 | D:4      | Found a shattered altar of Ashenzari.
  3324 | D:4      | Found a basalt altar of Yredelemnul.
  3329 | D:4      | Found a faded altar of an unknown god.
  3331 | D:4      | Found a faded altar of an unknown god.
  3332 | D:4      | Found an ornate altar of the Wu Jian Council.
  3528 | D:5      | Entered Level 5 of the Dungeon
  3528 | D:5      | Noticed a steam dragon
  3536 | D:5      | Killed a steam dragon
  3536 | D:5      | Reached skill level 6 in Fire Magic
  3896 | D:5      | Reached skill level 3 in Dodging
  3896 | D:5      | Reached skill level 8 in Spellcasting
  4101 | D:5      | Reached skill level 1 in Fighting
  4101 | D:5      | Reached XP level 8. HP: 43/43 MP: 17/22
  4407 | D:6      | Reached skill level 1 in Armour
  4451 | D:6      | Reached skill level 4 in Dodging
  4701 | D:6      | Noticed a two-headed ogre
  4716 | D:6      | Killed a two-headed ogre
  4716 | D:6      | Reached skill level 2 in Fighting
  4716 | D:6      | Reached skill level 2 in Armour
  4716 | D:6      | Reached skill level 6 in Dodging
  4716 | D:6      | Reached skill level 7 in Fire Magic
  4882 | D:6      | Noticed Edmund
  4883 | D:6      | Noticed Menkaure
  4890 | D:6      | Killed Edmund
  4922 | D:6      | Killed Menkaure
  4922 | D:6      | Reached skill level 9 in Spellcasting
  4922 | D:6      | Reached XP level 9. HP: 32/49 MP: 13/24
  5008 | D:6      | Noticed Sigmund
  5038 | D:6      | Killed Sigmund
  5168 | D:6      | Found a deep blue altar of Sif Muna.
  5914 | D:7      | Reached skill level 7 in Dodging
  5922 | D:7      | Noticed Pikel
  5938 | D:7      | HP: 11/49 [Pikel/whip of freezing (3)]
  5939 | D:7      | Killed Pikel
  5939 | D:7      | Reached skill level 3 in Fighting
  5939 | D:7      | Reached skill level 3 in Armour
  5939 | D:7      | Reached skill level 1 in Shields
  6310 | D:7      | Found a staircase to the Ecumenical Temple.
  6319 | Temple   | Entered the Ecumenical Temple
  6481 | Temple   | Became a worshipper of Vehumet
  6595 | D:7      | Noticed Joseph
  6700 | D:7      | Found an iron altar of Okawaru.
  6741 | D:7      | HP: 11/51 [Joseph/sling bullet (12)]
  6749 | D:8      | Reached skill level 2 in Shields
  6994 | D:7      | HP: 5/51 [Joseph/sling bullet (13)]
  7032 | D:7      | HP: 5/51 [Joseph/sling bullet (6)]
  7486 | D:8      | Found Igey's Armour Shoppe.
  7517 | D:8      | Reached skill level 8 in Fire Magic
  7540 | D:8      | Reached XP level 10. HP: 33/56 MP: 4/25
  7842 | D:8      | Reached skill level 3 in Shields
  8037 | D:8      | Reached * piety under Vehumet
  8037 | D:8      | Offered knowledge of Sting by Vehumet.
  8411 | D:9      | Noticed asdu's ghost (novice DsWn)
  8438 | D:9      | HP: 6/56 [asdu's ghost (18)]
  9300 | D:9      | Noticed a two-headed ogre
  9315 | D:9      | Killed a two-headed ogre
  9315 | D:9      | Reached skill level 4 in Fighting
  9315 | D:9      | Reached skill level 8 in Dodging
  9315 | D:9      | Reached skill level 10 in Spellcasting
  9479 | D:9      | Found Vedath's Weapon Shop.
  9610 | D:10     | Entered Level 10 of the Dungeon
  9610 | D:10     | Noticed Fannar
  9610 | D:10     | Noticed a two-headed ogre
  9990 | D:9      | HP: 14/56 [wraith (9)]
  9993 | D:9      | HP: 5/56 [asdu's ghost (10)]
  9994 | D:9      | Mangled by a wraith

Skill      XL: |  1  2  3  4  5  6  7  8  9 10 |
---------------+-------------------------------+-----
Fire Magic     | 4 5 6 7 8 |  8.3
Conjurations   | 2 3 4 |  4.6
Spellcasting   | 4 6 8 9 10 | 10.2
Dodging        | 3 6 7 8 |  8.3
Fighting       | 1 2 3 4 |  4.1
Armour         | 2 3 |  3.9
Shields        | 2 3 |  3.8
Stealth        | |  2.4

Action                   |  1- 3 |  4- 6 |  7- 9 | 10-12 || total
-------------------------+-------+-------+-------+-------++-------
Melee: Dagger            |     2 |       |     2 |    19 ||    23
       Staff             |       |       |       |    17 ||    17
 Cast: Flame Tongue      |    90 |    74 |   163 |    67 ||   394
       Sticky Flame      |       |     2 |    22 |    29 ||    53
       Conjure Flame     |       |       |    13 |     1 ||    14
       Fireball          |       |       |     4 |     6 ||    10
  Use: Potion            |       |       |     1 |       ||     1
       Scroll            |       |       |       |    15 ||    15
  Eat: Chunk             |     2 |     4 |     6 |     4 ||    16
       Ration            |       |       |     3 |     1 ||     4
Armor: Robe              |     4 |     2 |     1 |       ||     7
       Steam dragon scal |       |       |    17 |    34 ||    51
Dodge: Dodged            |    27 |    18 |    55 |    72 ||   172

Vault maps used:
D:1:      evilmike_arrival_home_sweet_home
D:2:      nicolae_qazlal_general_emergency
D:3:      cheibriados_altar_1
D:4:      chequers_temple_overflow_minitemple, first_ration, serial_shops,
          shop_statue, uniq_natasha, uniq_grinder
D:6:      led_sif_book, amethyst_killhole, uniq_sigmund, uniq_edmund,
          uniq_menkaure
D:7:      kennysheep_mini_moat, old_standard_altar,
          nicolae_ru_great_annihilating_truth, minmay_temple_entry_mist,
          uniq_joseph, uniq_pikel
D:8:      serial_shops, shop
D:9:      serial_shops, shop, the_bakery, minmay_guarded_unrand_finisher
D:10:     due_lair_maze_entry_diamond, serial_shops, shop_statue,
          serial_bayou_crossing, uniq_fannar, uniq_urug
Temple:   eino_narrow_crystal_temple

Table legend:
 A = Turns spent in this place as a percentage of turns spent in the entire game.
 B = Non-inter-level travel turns spent in this place as a percentage of non-inter-level travel turns spent in the entire game.
 C = Inter-level travel turns spent in this place as a percentage of turns spent in this place.
 D = Turns resting spent in this place as a percentage of non-inter-level travel turns spent in this place.
 E = Turns spent auto-exploring this place as a percentage of non-inter-level travel turns spent in this place.
 F = Non-inter-level travel turns spent in this place divided by the number of levels of this place that you've seen.
                   A       B       C       D       E      F
               +-------+-------+-------+-------+-------+----------------------
         Total | 100.0 | 100.0 |   0.2 |  25.9 |  43.6 | 907.1
       Dungeon |  98.3 |  98.5 |   0.0 |  26.3 |  42.8 | 982.4
        Temple |   1.7 |   1.5 |   9.4 |   0.0 |  93.5 | 154.0
               +-------+-------+-------+-------+-------+----------------------

Table legend:
 A = Kills in this place as a percentage of kills in entire the game.
 B = Kills by you in this place as a percentage of kills by you in the entire game.
 C = Kills by friends in this place as a percentage of kills by friends in the entire game.
 D = Other kills in this place as a percentage of other kills in the entire game.
 E = Experience gained in this place as a percentage of experience gained in the entire game.
 F = Experience gained in this place divided by the number of levels of this place that you have seen.
                   A       B       C       D       E      F
               +-------+-------+-------+-------+-------+----------------------
         Total | 100.0 | 100.0 |   N/A |   N/A | 100.0 | 696.2
       Dungeon | 100.0 | 100.0 |   N/A |   N/A | 100.0 | 765.8
               +-------+-------+-------+-------+-------+----------------------
